[Event "FRA-ch Teams Top 16-A 2022"]
[Site "Chartres"]
[Date "2022.06.12"]
[Round "4.32"]
[White "Afraoui, Solenn"]
[Black "Tomasi, Elise"]
[Result "0-1"]
[ECO "A14"]
[WhiteElo "1945"]
[BlackElo "2017"]
[Annotator "TA"]
[PlyCount "70"]
[EventDate "2022.06.09"]
[EventType "team-tourn"]
[EventCountry "FRA"]
[SourceTitle "playchess.com"]
[Source "ChessBase"]
[SourceQuality "1"]
[TimeControl "40/5400+30:1800+30"]

1. Nf3 d5 2. g3 Nf6 3. Bg2 e6 4. O-O Be7 5. c4 d4 6. b4 {[%emt 0:07:14] A14: English Opening: 1...e6 with b3 by White.} (6. e3 {with more complications.} c5 7. Ne5 Qc7 8. f4) 6... c5 7. Bb2 O-O 8. d3 {[%emt 0:05:02] The position is equal.} Nc6 9. b5 Nb8 {[%emt 0:00:42] [#]} 10. a4 $146 ({Predecessor:} 10. e3 dxe3 11. fxe3 Nbd7 12. Nc3 Qc7 13. Qe2 Rb8 14. a4 b6 15. a5 {½-½ (48) Radosavljevic,S (2260)-Ilic,V (2106) Paracin 2019}) 10... a6 11. bxa6 (11. e3 $14) 11... Rxa6 $11 12. Na3 Nc6 13. Nb5 e5 14. Nd2 (14. e3 $15 {should be considered.}) 14... Bf5 $17 {[%emt 0:01:47] Black continues to play with concentration.} 15. Qc2 Qd7 16. Rfb1 Bh3 17. Bh1 Ng4 18. Ba3 f5 {[%emt 0:05:16][%cal Oe5e4] Black is more active.} ({Weaker is} 18... Qf5 19. Ne4 Rc8 20. Qd1 $15) 19. Bf3 {[%emt 0:03:50] Prevents e4.} (19. Bd5+ $17 {was necessary.} Kh8 20. Qd1) 19... Kh8 20. Nb3 b6 (20... Rxa4 $2 21. Nxc5 Bxc5 22. Qxa4 $18) 21. Bc1 (21. a5 $142 Nxa5 22. Bxg4 Bxg4 23. f3 Nxb3 24. Qxb3) 21... Nb4 22. Qd1 e4 $36 {[%emt 0:00:58][%mdl 2048] Black is really pushing.} 23. Bg2 (23. Bxg4 Bxg4 24. f3) 23... Bxg2 $19 24. Kxg2 exd3 25. exd3 Ne5 26. a5 $2 (26. Bf4 {was called for.} Qc6+ 27. f3 Nbxd3 28. Bxe5 Nxe5 29. Qe2) 26... Qb7+ 27. f3 Nbxd3 {[%emt 0:00:12][%cal Oe5f3] [#] And now ...Nxf3! would win.} 28. Bd2 Nxc4 {[%emt 0:03:21] Hoping for ...f4.} 29. axb6 (29. Qf1 $142 Nde5 30. Bf4) 29... Rxa1 30. Nxa1 Nde5 31. Bf4 Ra8 32. Qe2 (32. Nc2 $142 Ng6 33. Bc7) 32... d3 {[%emt 0:00:00] Black is clearly winning.} 33. Qf2 {[%emt 0:00:26] [#]} Nxf3 $1 34. Nc3 (34. Kh1 g5) 34... Nfd2+ 35. Kh3 Nxb1 {[%emt 0:00:00] Weighted Error Value: White=0.98/Black=0.47} 0-1

[Event "FRA-ch Teams Top 16-A 2022"]
[Site "Chartres"]
[Date "2022.06.13"]
[Round "5.1"]
[White "Sochacki, Christophe"]
[Black "Santos Ruiz, Miguel"]
[Result "1/2-1/2"]
[ECO "D00"]
[WhiteElo "2493"]
[BlackElo "2586"]
[Annotator "TA"]
[PlyCount "117"]
[EventDate "2022.06.09"]
[EventType "team-tourn"]
[EventCountry "FRA"]
[SourceTitle "playchess.com"]
[Source "ChessBase"]
[SourceQuality "1"]
[TimeControl "40/5400+30:1800+30"]

1. d4 Nf6 2. Bg5 d5 3. Nd2 Nc6 4. Bxf6 gxf6 5. e3 e5 6. c3 {[%emt 0:02:32] D00: 1 d4 d5: Unusual lines.} Be6 {[%emt 0:06:36] [#]} 7. a4 $146 ({Predecessor:} 7. Qb3 Qd6 8. Qxb7 Rb8 9. Qa6 Rxb2 10. Rb1 Rxb1+ 11. Nxb1 Bg7 12. Bb5 Bd7 13. Qa4 {0-1 (46) Mueller Toepler,M-Malewicz,F freechess.de 2020}) 7... Qd6 8. a5 Bg7 9. Bd3 f5 10. Ne2 f4 11. dxe5 $1 Nxe5 12. Nxf4 Nxd3+ 13. Nxd3 O-O-O 14. Nf4 d4 15. cxd4 Bxd4 16. Nxe6 (16. exd4 $2 Qxf4 17. Qf3 Qxd4 $19) (16. Qc2 $1 $16) 16... Qxe6 $11 17. Qb3 (17. Qc2 Bxe3 $1 18. Nf3 (18. fxe3 Qxe3+ 19. Kd1 Rxd2+ 20. Qxd2 Rd8 $17) 18... Bc5+ 19. Kf1 Qa6+ 20. Kg1 Qd3 $1 21. Qxd3 (21. Qxc5 $2 Qd1+ 22. Ne1 Qxa1 $19) 21... Rxd3 $17) 17... Qxb3 {[%emt 0:00:47][%mdl 64] Remove Defender} 18. Nxb3 Bxb2 {[%emt 0:00:06] And now ...Rd3 would win.} 19. Ra2 Bg7 20. Ke2 Rd5 21. Rc1 Rb5 22. Nd2 Rd8 23. f4 Rd7 24. g4 b6 25. axb6 axb6 26. g5 Kb7 27. h4 h6 28. Rc4 (28. Rh1 $14) 28... hxg5 29. hxg5 Rb2 ({Better is} 29... c5 $11) 30. Rxb2 $14 Bxb2 {[%emt 0:00:02][%mdl 4096] Endgame KRB-KRN} 31. f5 ({White should play} 31. Rc2 $14 Bg7 32. f5) 31... b5 (31... c5 $11 {deserves consideration.}) 32. Rc2 $1 (32. Rb4 $2 Bc3 33. Rxb5+ Kc6 $17) 32... Ba3 33. e4 c5 (33... Re7 $14) 34. f6 $1 $18 c4 35. e5 $1 {[%emt 0:04:52][%cal Oe5e6] Black must now prevent e6!} Kc6 $2 (35... Rd8 {is a better chance.} 36. e6 Re8) 36. e6 fxe6 37. Ra2 Be7 38. Ne4 (38. fxe7 Rxe7 39. Ne4 Rc7 $18) 38... b4 39. Ra6+ ({Less strong is} 39. fxe7 Rxe7 40. Ra5 c3 $16) 39... Kd5 {[%emt 0:00:22] [#]} 40. Ke3 $2 ({White must play} 40. g6 $1 $18 {g7 would kill now.} Bf8 41. Rd6+ (41. g7 Bxg7 42. fxg7 Rxg7 $11) 41... Bxd6 42. g7 Kxe4 43. g8=Q) 40... c3 $1 $14 {[%emt 0:00:44] Hoping for ...c2.} 41. fxe7 {[%emt 0:23:43] White is more active.} Rxe7 {[%emt 0:01:19] KRN-KR} 42. Rd6+ Kc4 43. Rc6+ Kb3 {[%emt 0:00:54] [#]} 44. Nc5+ $1 Kc2 {[%emt 0:05:19] [#]} 45. Rb6 ({Of course not} 45. Nxe6 b3 46. Kd4 Rd7+ 47. Kc4 b2 $11) (45. g6 $1 $16) 45... Rg7 $1 $11 {[%emt 0:00:21] The position is equal.} 46. Kf4 Rf7+ 47. Kg4 Rc7 48. Nxe6 Rc4+ 49. Kf5 b3 50. g6 {[%emt 0:00:27] g7 is the strong threat.} b2 51. g7 Rc8 52. Nf8 b1=Q 53. Rxb1 Kxb1 54. g8=Q {[%emt 0:00:08] Threatening mate with Qg1+.} Rxf8+ 55. Qxf8 {[%emt 0:00:48] White threatens Qb4+ and mate.} c2 56. Qb4+ Ka1 57. Qc3+ Kb1 58. Qb3+ Ka1 59. Qxc2 {[%emt 0:00:32] Blacks defense is rewarded with a draw.  Weighted Error Value: White=0.28 (precise) /Black=0.25 (precise)} 1/2-1/2

[Event "FRA-ch Teams Top 16-A 2022"]
[Site "Chartres"]
[Date "2022.06.13"]
[Round "5.2"]
[White "Parligras, Mircea-Emilian"]
[Black "Dutreuil, Raphael"]
[Result "1-0"]
[ECO "B06"]
[WhiteElo "2583"]
[BlackElo "2309"]
[Annotator "TA"]
[PlyCount "67"]
[EventDate "2022.06.09"]
[EventType "team-tourn"]
[EventCountry "FRA"]
[SourceTitle "playchess.com"]
[Source "ChessBase"]
[SourceQuality "1"]
[TimeControl "40/5400+30:1800+30"]

1. d4 g6 2. e4 Bg7 3. Nf3 d6 4. Bc4 Nf6 5. Qe2 O-O 6. O-O Bg4 7. e5 dxe5 {[%emt 0:08:40] B06: Modern Defence.} 8. dxe5 Nd5 9. Nbd2 Nb6 {[%emt 0:13:49] The position is equal.} 10. Bd3 Nc6 11. h3 $1 Nd4 12. Qe4 (12. Qd1 {looks sharper.} Bxf3 13. Nxf3 Nxf3+ 14. Qxf3 Bxe5 15. Qxb7 Nd5 16. Be4) 12... Nxf3+ 13. Nxf3 Bf5 14. Qxb7 {[%emt 0:00:44] Hoping for Bxf5.} Bxd3 15. cxd3 Qxd3 16. Qxc7 e6 {[%emt 0:00:32] [#]} ({Don't play} 16... Nd5 17. Qa5 $14) 17. Qe7 $146 ({Predecessor:} 17. Re1 Rfc8 18. Qb7 Nc4 19. Bf4 Rcb8 20. Qe7 Nxb2 21. Ng5 Rf8 22. Ne4 Qd8 23. Nf6+ Bxf6 24. exf6 {½-½ (68) Roebuck,D (2343)-Helemae,H (2169) ICCF email 2017}) 17... Nd5 18. Qh4 Rfc8 19. b3 ({But not} 19. Ng5 h6 20. Nf3 Rc4 $15) 19... Rab8 20. Bh6 ({Wrong is} 20. Ng5 $2 h6 21. Nxf7 Kxf7 22. Bxh6 Bxe5 $19) 20... Bh8 21. Rad1 Qa6 {[%emt 0:02:08] [#]} 22. Rd2 $1 Rc3 23. Re1 Rbc8 24. Kh2 Qa5 25. Qe4 Qc7 26. Kg1 {[%emt 0:01:16] White is more active.} a5 27. h4 Rc1 (27... Bg7 $14 28. Bxg7 Kxg7) 28. Rxc1 Qxc1+ 29. Kh2 Qa1 30. h5 Qf1 (30... Rc1 $16 {keeps fighting.}) 31. Rc2 $40 {[%emt 0:02:14][%cal Rc2c8][%mdl 128] [#] White attacks with force.} Qa6 32. Qa4 {[%emt 0:01:18][%cal Oa4d7] Black must now prevent Qd7!} Ra8 $2 (32... Rd8 33. Qh4 Re8 34. hxg6 hxg6) 33. Qd7 $18 {[%emt 0:00:34] Ng5 would kill now.} a4 (33... Nb6 $18 34. Qd6 Qb7) 34. Rc6 {[%emt 0:00:57] Weighted Error Value: White=0.06 (flawless) /Black=0.40} (34. Ng5 $142 Bxe5+ 35. g3 Rf8 36. Bxf8 Qb7 37. Qxb7 Bc7 38. Bh6 Nf6 39. Qc8+ Bd8 40. Qxd8+ Ne8 41. Qxe8#) 1-0

[Event "FRA-ch Teams Top 16-A 2022"]
[Site "Chartres"]
[Date "2022.06.13"]
[Round "5.3"]
[White "Sochacki, Wojtek"]
[Black "Abasov, Nijat"]
[Result "0-1"]
[ECO "D45"]
[WhiteElo "2324"]
[BlackElo "2635"]
[Annotator "TA"]
[PlyCount "58"]
[EventDate "2022.06.09"]
[EventType "team-tourn"]
[EventCountry "FRA"]
[SourceTitle "playchess.com"]
[Source "ChessBase"]
[SourceQuality "1"]
[TimeControl "40/5400+30:1800+30"]

1. d4 Nf6 2. c4 e6 3. Nf3 d5 4. Nc3 c6 5. e3 Nbd7 6. Qc2 Bd6 7. g4 h6 8. Bd2 Qe7 9. h3 {[%emt 0:16:45] D45: Semi-Slav: 5 e3.} b6 10. Rg1 Bb7 11. cxd5 {[%emt 0:04:39] The position is equal.} cxd5 12. O-O-O {[%emt 0:01:32] [#]} (12. Nb5 $11) 12... a6 $146 ({Predecessor:} 12... Ne4 13. Rg2 Rc8 14. Kb1 a6 15. Qb3 b5 16. Be2 Nb6 17. Ne5 Nxd2+ 18. Rxd2 Nc4 {0-1 (40) Ajeet Singh,R (2014)-Lim,Y (2309) Kuala Lumpur 2013}) 13. Kb1 b5 14. Rc1 Ne4 15. Be1 O-O {[%emt 0:04:55] Black is more active.} 16. Nd2 (16. Qd1 $142) 16... Nxc3+ 17. Qxc3 b4 18. Qd3 (18. Qb3 $17) 18... a5 $19 19. f4 Ba6 20. Qc2 a4 (20... Bxf1 $19 {is more deadly.} 21. Rxf1 a4) 21. Bxa6 $17 Rxa6 22. Qd3 {[%emt 0:00:05] Inhibits b3.} Rb6 23. Nf3 ({White should play} 23. g5 $15) 23... b3 24. a3 {[%emt 0:03:38] [#]} (24. Bh4 $142 bxa2+ 25. Ka1) 24... Bxa3 $1 $19 25. bxa3 Qxa3 26. Rg2 {[%emt 0:00:06] [#] Against Qa2+} Qd6 $1 {[%emt 0:00:07][%mdl 1024] ...a3 is the strong threat. Black has strong compensation. Really sharp!} 27. Rb2 $2 (27. g5 hxg5 28. Nxg5) 27... a3 28. Rg2 b2 29. Rd1 a2+ {[%emt 0:00:10][%mdl 64] Promotion.  Weighted Error Value: White=1.01/Black=0.12 (very precise)} 0-1

[Event "FRA-ch Teams Top 16-A 2022"]
[Site "Chartres"]
[Date "2022.06.13"]
[Round "5.4"]
[White "Wirig, Anthony"]
[Black "Eden, James"]
[Result "1-0"]
[ECO "D15"]
[WhiteElo "2520"]
[BlackElo "2273"]
[Annotator "TA"]
[PlyCount "125"]
[EventDate "2022.06.09"]
[EventType "team-tourn"]
[EventCountry "FRA"]
[SourceTitle "playchess.com"]
[Source "ChessBase"]
[SourceQuality "1"]
[TimeControl "40/5400+30:1800+30"]

1. c4 Nf6 2. Nf3 c6 3. d4 d5 4. e3 Bf5 5. Nc3 a6 6. Qb3 Ra7 {[%emt 0:00:09] D15: Slav Defence: 4 Nc3 a6 and gambit lines after 4 Nc3 dxc4.} 7. a4 e6 8. a5 Nbd7 {[%emt 0:03:32] White is slightly better.} 9. Nh4 Be4 10. c5 {[%emt 0:08:04] [#]} Qc7 $146 ({Predecessor:} 10... h6 11. Nxe4 dxe4 12. g3 g5 13. Ng2 Nd5 14. Be2 f5 15. f3 N7f6 16. fxe4 fxe4 {½-½ (59) Kozul,Z (2619)-Zarubitski,V (2404) Skopje 2019}) 11. Nxe4 dxe4 12. g3 g5 13. Ng2 Bg7 14. Be2 Ra8 15. Bd2 Nd5 16. f3 f5 (16... exf3 $1 $11 17. Bxf3 O-O) 17. fxe4 $14 fxe4 18. O-O-O O-O 19. Rdf1 {[%emt 0:02:01] Prevents Rf2.} (19. Be1 $5 ) 19... Rxf1+ 20. Rxf1 Rf8 21. Ne1 Rf5 ({Black should try} 21... Rxf1 $11 22. Bxf1 N7f6) 22. Nc2 $1 Kf8 23. Na3 (23. Rh1 {feels hotter.} Rf2 24. Bg4 N7f6 25. Bxe6 g4 26. h3) 23... Rxf1+ 24. Bxf1 e5 25. Nc2 {[%emt 0:05:43] Black should prevent Bc4.} exd4 26. exd4 h6 (26... g4 $11) 27. Bh3 N7f6 28. Bf5 Ne7 29. Be6 {[%emt 0:00:54] This bishop pair is nice.} Ned5 30. Kd1 Ke7 31. Bf5 Kd8 32. Ne3 Nxe3+ 33. Qxe3 Qe7 (33... Qf7 $11) 34. Kc2 {[%emt 0:00:58] White is more active.} Nd5 35. Qxe4 Qxe4+ {[%emt 0:00:06][%mdl 64] Remove Defender} 36. Bxe4 {[%emt 0:00:04] And now Kd3 would win.} Bxd4 {[%emt 0:00:11][%mdl 4096] Endgame KBB-KBN} 37. b4 Bg1 38. h4 gxh4 39. gxh4 {[%emt 0:00:04] aiming for Bxd5.} Be3 $2 {[%emt 0:00:59][%mdl 8192] This costs Black the game.} (39... h5 $16) 40. Bxe3 $18 Nxe3+ {[%emt 0:00:05] KB-KN} 41. Kd3 Ng4 42. Kd4 Nf6 43. Ke5 Ke7 44. Bf3 Nd7+ 45. Kf5 Nf6 46. Bg2 Kf7 47. Bf1 Ke7 48. Bc4 Ne8 49. Kg6 {[%emt 0:03:55] Black must now prevent h5.} Nc7 50. Kxh6 Kf6 51. h5 {[%emt 0:02:07] Strongly threatening Kh7.} Nd5 52. Bxd5 cxd5 {[%emt 0:00:07] [#] KP-KP} 53. b5 $1 ({And not} 53. Kh7 d4 54. h6 Kf7 $11) 53... d4 {[%emt 0:00:37] [#]} 54. c6 $1 bxc6 55. bxa6 {[%emt 0:00:14] Threatening mate with a7. K3P-KPP} d3 56. a7 d2 57. a8=Q {[%emt 0:00:06] White wants to mate with Qd8+.} d1=Q {[%emt 0:00:08] Prevents Qd8+.} 58. Qxc6+ Kf7 59. Qg6+ {[%emt 0:02:52] White mates.} Kf8 60. Qf6+ Ke8 61. a6 Qd2+ 62. Kh7 Qd7+ 63. Kh8 {[%emt 0:00:23] Weighted Error Value: White=0.06 (flawless) /Black=0.43} 1-0

[Event "FRA-ch Teams Top 16-A 2022"]
[Site "Chartres"]
[Date "2022.06.13"]
[Round "5.5"]
[White "Saatdjian, Thomas"]
[Black "Loiseau, Quentin"]
[Result "1/2-1/2"]
[ECO "E05"]
[WhiteElo "2271"]
[BlackElo "2445"]
[Annotator "TA"]
[PlyCount "38"]
[EventDate "2022.06.09"]
[EventType "team-tourn"]
[EventCountry "FRA"]
[SourceTitle "playchess.com"]
[Source "ChessBase"]
[SourceQuality "1"]
[TimeControl "40/5400+30:1800+30"]

1. d4 Nf6 2. c4 e6 3. Nf3 d5 4. g3 Be7 5. Bg2 O-O 6. O-O dxc4 7. Ne5 Nc6 8. Nxc6 bxc6 9. Na3 Bxa3 10. bxa3 Nd5 11. Qa4 Nb6 $1 12. Qa5 {[%emt 0:03:35][%mdl 1024] White has compensation. E05: Open Catalan: 5 Nf3 Be7.} Bb7 13. Qc5 {[%emt 0:29:26] [#]} Qc8 $146 (13... Qd6 $11) ({Predecessor:} 13... Qd6 14. Rb1 Rad8 15. Qa5 Ba8 16. Bf4 Qxd4 17. Bxc7 Rd7 18. Qxa7 Na4 19. Qxd4 Rxd4 {1-0 (56) Sadilek,P (2266)-Schroll,G (2298) Austria 2018}) 14. Rb1 $14 {[%emt 0:18:07] White is slightly better.} Rd8 15. Rd1 Rd7 16. a4 {[%emt 0:09:17] 0x0.00222ccd3814dp-1022s more active pieces.} (16. Bf4 $16) 16... Nxa4 (16... Rd5 $1 $11 17. Bxd5 cxd5) 17. Qxc4 Nb6 18. Qc2 c5 19. Bxb7 (19. dxc5 $5 Rxd1+ 20. Qxd1 Bxg2 21. Kxg2 $14) 19... Qxb7 {[%emt 0:00:29] Weighted Error Value: White=0.29 (precise) /Black=0.31} 1/2-1/2

[Event "FRA-ch Teams Top 16-A 2022"]
[Site "Chartres"]
[Date "2022.06.13"]
[Round "5.6"]
[White "Barbot, Pierre"]
[Black "Caille, Hugo"]
[Result "1/2-1/2"]
[ECO "E11"]
[WhiteElo "2450"]
[BlackElo "2177"]
[Annotator "TA"]
[PlyCount "50"]
[EventDate "2022.06.09"]
[EventType "team-tourn"]
[EventCountry "FRA"]
[SourceTitle "playchess.com"]
[Source "ChessBase"]
[SourceQuality "1"]
[TimeControl "40/5400+30:1800+30"]

1. d4 Nf6 2. c4 e6 3. Nf3 d5 4. g3 Bb4+ 5. Bd2 a5 6. Qc2 O-O 7. Bg2 c5 {[%emt 0:00:07] E11: Bogo-Indian.} 8. dxc5 d4 9. Bxb4 axb4 {[%emt 0:00:07] White is slightly better.} 10. O-O Nc6 $1 11. Nbd2 Qe7 12. Nb3 (12. Ng5 {is interesting.} e5 13. Bd5 Kh8 14. a3) 12... e5 13. Ng5 h6 14. Ne4 Nxe4 15. Bxe4 Bh3 16. Rfe1 f5 17. Bd5+ Kh8 18. e3 {[%emt 0:00:40] [#]} d3 $146 (18... dxe3 $11 19. Rxe3 (19. fxe3 e4 $11) 19... e4) ({Predecessor:} 18... dxe3 19. Rxe3 e4 20. f4 Ra4 21. Qd2 Rfa8 22. Bxc6 bxc6 23. Qd6 Qe8 24. Nd4 Rxa2 25. Rxa2 Rxa2 {0-1 (42) Krasenkow,M (2591)-Piorun,K (2608) Polanica Zdroj 2021}) 19. Qxd3 $16 e4 20. Qc2 Ne5 {[%emt 0:01:32][%cal Bc6e5,Be5d3,Bd3c5,Bc5d3][%mdl 32] [#] And now ...Nf3+ would win.} 21. Nd4 {[%emt 0:00:40] Prevents Nf3+.} Ra6 22. f4 (22. a3 $16) 22... Nd3 $11 {[%emt 0:16:29] The position is equal.} 23. Red1 Nxc5 24. Nb3 Nd3 25. Nc1 Bg4 {[%emt 0:03:05] Weighted Error Value: White=0.19 (very precise) /Black=0.11 (very precise)} 1/2-1/2

[Event "FRA-ch Teams Top 16-A 2022"]
[Site "Chartres"]
[Date "2022.06.13"]
[Round "5.7"]
[White "Da Silva, Quentin"]
[Black "Milliet, Sophie"]
[Result "1/2-1/2"]
[ECO "C78"]
[WhiteElo "2171"]
[BlackElo "2410"]
[Annotator "TA"]
[PlyCount "66"]
[EventDate "2022.06.09"]
[EventType "team-tourn"]
[EventCountry "FRA"]
[SourceTitle "playchess.com"]
[Source "ChessBase"]
[SourceQuality "1"]
[TimeControl "40/5400+30:1800+30"]

1. e4 e5 2. Nf3 Nc6 3. Bb5 a6 4. Ba4 Nf6 5. O-O b5 6. Bb3 Bc5 7. d3 d6 8. c3 h6 9. Re1 {[%emt 0:02:56] 9.Nbd2 is a critical line. C78: Ruy Lopez: Archangelsk and Möller Defences.} O-O 10. Nbd2 Bb6 11. Nf1 Ne7 12. Ng3 Ng6 13. d4 c5 14. h3 {[%emt 0:13:56] [#]} cxd4 $146 ({Predecessor:} 14... exd4 15. cxd4 c4 16. Bc2 Bb7 17. d5 Nd7 18. Bd2 Nde5 19. Nf5 Nxf3+ 20. Qxf3 Nh4 {0-1 (43) Tukhaev,A (2564)-Kovalev,V (2546) Minsk 2015}) 15. cxd4 exd4 (15... Bb7 $11) 16. Nxd4 $14 Re8 (16... a5 $14) 17. Be3 $1 $16 Bb7 {[%emt 0:00:44] Inhibits Nc6.} 18. Ndf5 d5 19. exd5 {[%emt 0:08:04] White is more active.} Nxd5 (19... Bxd5 $16 20. Bxd5 Nxd5) 20. Bxb6 $18 Rxe1+ 21. Qxe1 Qxb6 22. Nh5 $40 {[%emt 0:03:34][%mdl 128] Strongly threatening Bxd5. White is out for blood.} Kh7 $2 (22... Qc6 $16 {was called for.}) 23. Bxd5 (23. Qd2 Rd8 $18) 23... Bxd5 24. Nhxg7 {[%emt 0:01:44] Pair of Knights!} (24. Qd2 Bb7 $16) (24. Rd1 $142 Qc5 25. Nhxg7) 24... Nf4 {[%emt 0:01:10] ...Qg6 is the strong threat.} 25. Qd2 $2 ({White must play} 25. Qe5 $18 Qg6 26. g3 Nxh3+ 27. Kh2 Nxf2 28. Qxd5) 25... Qg6 $11 26. g3 Nxh3+ 27. Kh2 Rd8 {[%emt 0:07:04] Threatens to win with ...Ng5.} 28. Qa5 {[%emt 0:04:35] Really sharp!} ({Don't go for} 28. Kxh3 $2 Bg2+ $1 29. Kxg2 Rxd2 $19) 28... Ng5 $2 29. Qxd8 $18 Nf3+ 30. Kh3 ({Stronger than} 30. Kh1 Qg4 31. Kg2 Nh4+ 32. Kh2 Nf3+ 33. Kg2 Nh4+ 34. Kh2 Nf3+ 35. Kg2 $11) 30... Ng5+ $1 31. Kh2 Nf3+ $1 {[%emt 0:00:01] [#]} 32. Kh3 $2 ({Worse is} 32. Kh1 Qg4 33. Kg2 Nh4+ 34. Kh2 Nf3+ 35. Kg2 Nh4+ 36. Kh2 Nf3+ 37. Kg2 $11) (32. Kg2 $1 $18 Be4 {[#]} 33. Qd6 $1 Ng5+ 34. Kg1) 32... Ng5+ $1 $11 33. Kh2 $2 (33. Kh4 $11 Nf3+ 34. Kh3) 33... Nf3+ $1 {[%emt 0:03:12][%mdl 32768] Weighted Error Value: White=0.52/Black=0.54. An unexpected result.} 1/2-1/2

[Event "FRA-ch Teams Top 16-A 2022"]
[Site "Chartres"]
[Date "2022.06.13"]
[Round "5.8"]
[White "Riff, Vincent"]
[Black "Afraoui, Solenn"]
[Result "1-0"]
[ECO "A05"]
[WhiteElo "2397"]
[BlackElo "1945"]
[Annotator "TA"]
[PlyCount "100"]
[EventDate "2022.06.09"]
[EventType "team-tourn"]
[EventCountry "FRA"]
[SourceTitle "playchess.com"]
[Source "ChessBase"]
[SourceQuality "1"]
[TimeControl "40/5400+30:1800+30"]

1. Nf3 Nf6 2. g3 b5 3. Bg2 Bb7 4. Na3 a6 5. c4 b4 6. Nc2 e6 {[%emt 0:00:00] A05: Réti Opening: 1 Nf3 Nf6.} 7. O-O Be7 8. d4 O-O {[%emt 0:00:00] White has an edge.} 9. Re1 c5 10. d5 {[%emt 0:01:51] [#]} Ne4 $146 {[%emt 0:00:00] [#]} (10... exd5 $14 11. Nh4 g6) ({Predecessor:} 10... Qb6 11. e4 exd5 12. exd5 Re8 13. Nh4 d6 14. Nf5 Bf8 15. Rxe8 Nxe8 16. Nce3 Nd7 {1-0 (27) D'Amore,C (2305)-Vancini,E Ravenna 1983}) 11. Ne5 (11. Qd3 $142 $1 f5 12. Nd2) 11... f5 $16 12. Nd3 ({White should try} 12. f3 $14 Nd6 13. e4) 12... exd5 (12... a5 $1 $11) 13. cxd5 $14 c4 $1 14. Nf4 $36 {[%emt 0:08:01][%mdl 2048] White is pushing.} Bc5 (14... a5 $14) 15. Be3 $16 Bxe3 {[%emt 0:00:00] Loses the game.} (15... Bd6 $16 {was called for.}) 16. Nxe3 $18 c3 17. Bxe4 fxe4 {[%emt 0:00:00] [#]} 18. bxc3 Rxf4 $2 (18... Qf6 {keeps fighting.} 19. cxb4 g5) 19. gxf4 a5 20. Qd4 Ra6 (20... Na6 $142 21. cxb4 axb4 22. Qxe4 d6 23. Qe6+ Kf8 24. Qf5+ Kg8) 21. Kh1 Qf6 22. Qxe4 Re6 23. Qd4 Qxd4 24. cxd4 Re4 25. Rac1 Na6 {[%emt 0:01:47] Inhibits Rc5.} 26. Nf5 Bxd5 27. f3 Re8 {[%emt 0:00:31] Prevents Rc8.} 28. Nd6 Rb8 29. Rc2 a4 (29... b3 {was necessary.} 30. axb3 Bxb3) 30. Rec1 {[%emt 0:00:29] Intending Rc8+ and mate.} Kf8 31. e4 b3 32. axb3 (32. exd5 bxc2 33. Rxc2 a3 $14) 32... Bxb3 33. Rc8+ Rxc8 34. Rxc8+ {[%emt 0:00:03][%mdl 4096] Endgame KRN-KBN} ({Not} 34. Nxc8 a3 $16) 34... Ke7 35. e5 Ke6 36. Ra8 Nb4 37. Ra5 {[%emt 0:01:40] Hoping for f5+.} g6 {[%emt 0:00:13] Prevents f5+.} 38. Ne4 Kf5 39. Nc5 (39. Rb5 $142 Nd5 40. Kg2) 39... Bd5 $2 (39... Kxf4 40. Nxb3 (40. Nxa4 Nc6 $18) 40... axb3) 40. Rxa4 Bxf3+ 41. Kg1 Nd5 42. Nxd7 Nxf4 43. Nf8 h5 44. Kf2 Bd5 45. Ra6 g5 46. Rf6+ Ke4 47. e6 {[%emt 0:00:00] Strongly threatening e7.} Bc6 48. e7 Be8 49. Ne6 {[%emt 0:00:00] Nxf4 would kill now.} Nxe6 50. Rxe6+ Kd5 {[%emt 0:03:10] Weighted Error Value: White=0.22 (precise) /Black=0.46} 1-0

[Event "FRA-ch Teams Top 16-A 2022"]
[Site "Chartres"]
[Date "2022.06.13"]
[Round "5.9"]
[White "Bacrot, Etienne"]
[Black "Kamsky, Gata"]
[Result "1/2-1/2"]
[ECO "C95"]
[WhiteElo "2638"]
[BlackElo "2661"]
[Annotator "TA"]
[PlyCount "46"]
[EventDate "2022.06.09"]
[EventType "team-tourn"]
[EventCountry "FRA"]
[SourceTitle "playchess.com"]
[Source "ChessBase"]
[SourceQuality "1"]
[TimeControl "40/5400+30:1800+30"]

1. e4 e5 2. Nf3 Nc6 3. Bb5 a6 4. Ba4 Nf6 5. O-O Be7 6. Re1 b5 7. Bb3 d6 8. c3 O-O 9. h3 Nb8 10. d4 Nbd7 11. c4 c6 12. Qc2 {[%emt 0:00:05] C95: Closed Ruy Lopez: Breyer Variation with 10 d4.} a5 {[%emt 0:02:14][%cal Ba6a5,Ba5a4][%mdl 32] [#] And now ...a4 would win.} 13. cxb5 cxb5 {[%emt 0:00:05] The position is equal.} 14. Nc3 a4 15. Bd5 Nxd5 16. Nxd5 Bb7 17. Nxe7+ {[%emt 0:21:49] [#] A balanced but interesting game.  Weighted Error Value: White=0.03 (flawless) /Black=0.01 (flawless)} {Predecessor:} Qxe7 $146 18. Qc7 Rab8 19. dxe5 dxe5 20. Bg5 Qe6 21. Rad1 Bc8 22. Rd5 Rb7 23. Qa5 h6 {1-0 (59) Bacrot,E (2669)-Buhmann,R (2565) Germany 2021} 1/2-1/2